 Dungeon Crawl Stone Soup version 0.29-a0-378-gc08b2e8bf8 (webtiles) character file.

Game seed: 13010830773216078526

139654 Pelinal the Phalangite (level 17, -15/128 HPs)
             Began as a Merfolk Ice Elementalist on May 4, 2022.
             Was a Priest of Ashenzari.
             Demolished by a spark wasp (16 damage)
             ... on level 2 of the Depths.
             The game lasted 02:16:59 (26048 turns).

Pelinal the Phalangite (Merfolk Ice Elementalist)  Turns: 26048, Time: 02:17:00

Health: -15/128    AC: 12    Str: 11    XL:     17   Next: 29%
Magic:  20/28      EV: 30    Int: 18    God:    Ashenzari [***...]
Gold:   1483       SH:  0    Dex: 31    Spells: 19/30 levels left

rFire   + . .      SeeInvis +   a - +6 bardiche (flame)
rCold   + . .      Faith    .   (shield currently unavailable)
rNeg    . . .      Spirit   .   c - +0 troll leather armour
rPois   .          Reflect  .   o - +2 helmet of the Bound Sage {Int+3, Fort, Bglg} (curse)
rElec   .          Harm     .   p - scarf of the Bound Portent {rC+ rF+, Evo, Elem} (curse)
rCorr   .          Rampage  .   L - +0 pair of gloves of the Ruined Sun {Will+ Regen+, Melee, Range} (curse)
Will    ++...      Clarity  +   s - +1 pair of boots
Stlth   +++.......              O - amulet of the Celestial Sage {Regen+, Evo, Elem} (curse)
HPRegen 2.71/turn               Y - +6 ring of dexterity
MPRegen 0.21/turn               T - ring "Gnostic Loss" {Dex+6, Melee, Self} (curse)

@: about to teleport
A: (nimble swimmer 2), mertail
a: Renounce Religion, Curse Item, Shatter the Chains


You were on level 2 of the Depths.
You worshipped Ashenzari.
Ashenzari was most pleased with you.
You visited 5 branches of the dungeon, and saw 26 of its levels.
You also visited: Volcano.

You collected 2645 gold pieces.
You spent 1162 gold pieces at shops.

Inventory:

Hand Weapons
 a - a +6 bardiche of flaming (weapon)
Missiles
 u - 13 boomerangs
 C - a throwing net
 G - 38 poisoned darts
Armour
 c - a +0 troll leather armour (worn)
 k - a scarf of repulsion
 o - the cursed +2 helmet of the Bound Sage (worn) {Int+3, Fort, Bglg}
   (You found it in a volcano)

   It has a curse which improves the following skills: Fortitude: Armour and
   Shields.
   Beguiling: Conjurations, Hexes and Translocations.
 p - the cursed scarf of the Bound Portent (worn) {rC+ rF+, Evo, Elem}
   (You found it on level 2 of the Dungeon)

   It has a curse which improves the following skills: Evocations: Evocations.
   Elements:  Fire Magic, Ice Magic, Air Magic and Earth Magic.
 r - the +3 warlock's mirror {reflect}
   (You found it on level 13 of the Dungeon)

   It can block and reflect piercing ranged attacks and magical attacks against
   the wielder's willpower.
 s - a +1 pair of boots (worn)
 L - the cursed +0 pair of gloves of the Ruined Sun (worn) {Will+ Regen+, Melee, Range}
   (You bought it in a shop on level 5 of the Dungeon)

   Regen:     It increases your rate of health regeneration.
   Will:      It increases your willpower.
   It has a curse which improves the following skills: Melee Combat: Short
   Blades, Long Blades, Axes, Maces & Flails, Polearms, Staves and Unarmed
   Combat.
   Ranged Combat: Slings, Bows, Crossbows and Throwing.
 Q - a +0 robe of willpower
Jewellery
 H - a ring of flight
 O - the cursed amulet of the Celestial Sage (around neck) {Regen+, Evo, Elem}
   (You found it on level 7 of the Dungeon)

   [amulet of regeneration]

   Regen:     It increases your rate of health regeneration.
   It has a curse which improves the following skills: Evocations: Evocations.
   Elements:  Fire Magic, Ice Magic, Air Magic and Earth Magic.
 T - the cursed ring "Gnostic Loss" (right hand) {Dex+6, Melee, Self}
   (You found it on level 7 of the Dungeon)

   [ring of dexterity]

   Dex:       It affects your dexterity (+6).
   It has a curse which improves the following skills: Melee Combat: Short
   Blades, Long Blades, Axes, Maces & Flails, Polearms, Staves and Unarmed
   Combat.
   Introspection: Fighting and Spellcasting.
 Y - a +6 ring of dexterity (left hand)
Wands
 q - a wand of paralysis (3)
 v - a wand of digging (22)
 w - a wand of acid (6)
 D - a wand of polymorph (12)
 E - a wand of flame (50)
 N - a wand of mindburst (13)
 R - a wand of iceblast (12)
 U - a wand of charming (11)
Scrolls
 g - 3 scrolls of summoning
 h - 6 scrolls of amnesia
 i - a scroll of magic mapping
 m - a scroll of immolation
 t - 3 scrolls of fog
 y - 5 scrolls of vulnerability
 z - 6 scrolls of teleportation
 A - a scroll of blinking
 F - 2 scrolls of enchant armour
 I - 6 scrolls of fear
 M - 2 scrolls of poison
Potions
 b - 4 potions of magic
 d - 8 potions of curing
 e - 4 potions of heal wounds
 f - 5 potions of haste
 l - 2 potions of berserk rage
 n - 5 potions of might
 x - 3 potions of flight
 B - 12 potions of ambrosia
 J - 2 potions of attraction
 K - a potion of lignification
 P - a potion of invisibility
 S - a potion of resistance
 V - 3 potions of brilliance
 W - 2 potions of cancellation
Miscellaneous
 j - a lightning rod (4/4)
 Z - a phantom mirror


   Skills:
 - Level 8.6(10.3) Fighting
 - Level 23.7(25.8) Polearms
 - Level 5.9(7.5) Armour
 - Level 16.5 Dodging
 - Level 4.0 Stealth
 + Level 5.7(7.3) Spellcasting
 + Level 2.8(4.2) Conjurations
 - Level 7.5 Summonings
 * Level 12.0(14.4) Ice Magic
 + Level 2.8(4.8) Air Magic
 - Level 10.0(12.4) Evocations


You had 19 spell levels left.
You knew the following spells:

 Your Spells              Type           Power      Damage    Failure   Level
a - Freeze                Ice            100%       1d11      1%          1
b - Frozen Ramparts       Ice            100%       1d12      1%          3
c - Ozocubu's Armour      Ice            55%        N/A       1%          3
d - Summon Ice Beast      Ice/Summ       46%        N/A       1%          4

Your spell library contained the following spells:

 Spells                   Type           Power      Damage    Failure   Level
 Summon Small Mammal      Summ           100%       N/A       1%          1
 Call Canine Familiar     Summ           33%        N/A       1%          3
 Hailstorm                Conj/Ice       40%        3d10      3%          4
 Ice Form                 Ice/Tmut       32%        N/A       7%          4
 Poisonous Vapours        Pois/Air       30%        N/A       8%          2
 Summon Guardian Golem    Hex/Summ       20%        N/A       9%          3
 Sandblast                Erth           14%        2d6       12%         1
 Mephitic Cloud           Conj/Pois/Air  17%        N/A       12%         3
 Sting                    Tmut/Pois      24%        1d4       13%         1
 Freezing Cloud           Conj/Ice/Air   17%        6-21      14%         5
 Stone Arrow              Conj/Erth      28%        3d8       16%         3
 Passwall                 Tmut/Erth      5%         N/A       19%         2
 Sublimation of Blood     Necr           6%         N/A       21%         2
 Ozocubu's Refrigeration  Ice            27%        4d10      30%         7
 Ignite Poison            Fire/Tmut/Pois 6%         N/A       36%         3
 Summon Mana Viper        Hex/Summ       20%        N/A       58%         5
 Leda's Liquefaction      Hex/Erth       3%         N/A       75%         4
 Petrify                  Tmut/Erth      7%         N/A       77%         4
 Animate Dead             Necr           3%         N/A       78%         4
 Olgreb's Toxic Radiance  Pois           6%         N/A       78%         4
 Irradiate                Conj/Tmut      7%         3d15      83%         5
 Lee's Rapid Deconstruct  Erth           3%         3d6*      97%         5
 Borgnjor's Vile Clutch   Necr/Erth      3%         N/A       98%         5
 Death Channel            Necr           3%         N/A       100%        6
 Statue Form              Tmut/Erth      4%         N/A       100%        6
 Ignition                 Fire           3%         3d4       100%        8


Dungeon Overview and Level Annotations

Branches:
Dungeon (15/15)            Temple (1/1) D:6            Lair (6/6) D:9
 Shoals (0/4) Lair:4        Snake (0/4) Lair:2        Slime (0/5) Lair:5
    Orc (2/2) D:10            Elf (0/3) Orc:2        Vaults (0/5) D:13
 Depths (2/4) D:15        Volcano (visited)

Altars:
Ashenzari
Cheibriados
Dithmenos
Elyvilon
Fedhas
Gozag
Hepliaklqana
Kikubaaqudgha
Makhleb
Nemelex Xobeh
Okawaru
Qazlal
Ru
Sif Muna
Trog
Uskayaw
Vehumet
Wu Jian
Xom
Zin
The Shining One
Beogh

Shops:
D:2 (   D:5 [   Orc:2 :[?*   Depths:2 [

Portals:
Hell: Depths:1
Abyss: Depths:1
Pandemonium: Depths:2

Annotations:
D:4 1 runed translucent door, exclusion: door, timneilson's ghost, amateur GrFi
D:7 exclusions: ice beast and wight
D:10 Fannar; Urug
Orc:1 3 runed translucent doors, exclusion: 3 doors, Humecuf's ghost, journeyman DrCK


Innate Abilities, Weirdness & Mutations

((You are very nimble when in or above water. (Stealth+, EV+, Speed+++)))
Your lower body shifts to a powerful aquatic tail in water.


Message History

Unknown command.
You hit the brown very ugly thing but do no damage.
The brown very ugly thing is heavily wounded.
The wall freezes the spark wasp.
The spark wasp stings you! The spark wasp shocks you!
The wall freezes the brown very ugly thing!
The brown very ugly thing completely misses you.
Unknown command.
Casting: Ozocubu's Armour (safe; 1% risk of failure)
Confirm with . or Enter, or press ? or * to list all spells.
A chill wind blows around you.
The wall freezes the spark wasp.
The spark wasp stings you! The spark wasp shocks you!
The spark wasp completely misses you. The stone giant completely misses you.
The wall freezes the spark wasp.
The spark wasp misses you.
The spark wasp stings you but does no damage.
The wall freezes the brown very ugly thing.
The brown very ugly thing tail-slaps you.
You are splashed with acid.
As you read the scroll of teleportation, it crumbles to dust.
You feel strangely unstable. The spark wasp completely misses you.
The wall freezes the spark wasp.
The spark wasp misses you.
The wall freezes the brown very ugly thing!
The stone giant completely misses you.
The wall freezes the brown very ugly thing!
Your ice beast completely misses the stone giant.
Your icy armour and frozen ramparts will break if you move.
Continue? [Y]es or [N]o only, please.
Your icy armour and frozen ramparts will break if you move.
Continue?
Your icy armour cracks and falls away as you move.
The frozen ramparts melt away as you move.
The spark wasp completely misses you.
The brown very ugly thing completely misses you.
The stone giant hits your ice beast!! The spark wasp stings you!
* * * LOW HITPOINT WARNING * * *
The spark wasp shocks you!
* * * LOW HITPOINT WARNING * * *
The spark wasp stings you!
* * * LOW HITPOINT WARNING * * *
The spark wasp shocks you!
You die...

..........................
,,
.....^....................
*
.......|..................
.......>.........#........
, ,
................###.......,
..........................
.................Y.......#*
∩...............yuC.......
......(.........@yu.......
...............###.....#..
................{{......#.*
...#..............#.....#,*
.................. #......
.................u{ ......
.......... C§....C ###...
........., ......u , ... *
, ......., , ..


You could see 2 very ugly things, a stone giant (ally target), 2 spark wasps and
a friendly ice beast (summoned).

Vanquished Creatures
  An iron dragon (Depths:1)
  A balrug (Depths:2)
  A stone giant (Volcano)
  7 very ugly things (Depths:1)
  2 vampire knights (Depths:1)
  A caustic shrike skeleton (Depths:2)
  The ghost of Yteof the Thaumaturge, a journeyman DECj of Vehumet (D:13)
  An ettin (D:15)
  2 fire dragons
  3 hydras
  A catoblepas (Lair:3)
  7 boulder beetles
  Erica (D:10)
  An ice dragon (Depths:1)
  A spriggan skeleton (Depths:2)
  5 centaur warriors
  8 two-headed ogres
  13 death yaks
  A deep troll earth mage (Depths:1)
  A deep troll shaman (Depths:1)
  7 hell knights
  5 orc high priests (Orc:2)
  Sonja (D:13)
  5 iron trolls (Depths:1)
  A goliath frog (Lair:6)
  A shadow wraith (D:13)
  2 glowing orange brains (Depths:1)
  5 deep trolls
  2 phantasmal warriors (Depths:1)
  12 wizards
  3 lindwurms
  Pikel (D:7)
  3 orc knights
  A golden dragon skeleton (Depths:2)
  2 deep elf pyromancers
  3 necromancers
  An orc sorcerer (Orc:2)
  A sphinx skeleton (Depths:2)
  7 cyclopes
  4 manticores
  3 elephants (Lair:6)
  A rust devil (Depths:2)
  15 ugly things
  2 centaur zombies (D:11)
  A torpor snail (shapeshifter) (D:14)
  6 black mambas
  A smoke demon (Depths:2)
  A gargoyle (Volcano)
  A torpor snail (Lair:6)
  28 cane toads
  2 unseen horrors (Depths:1)
  2 centaur skeletons (D:11)
  9 rime drakes
  An efreet (Volcano)
  6 yaktaurs
  2 kobold demonologists (D:12)
  A tengu conjurer (D:15)
  11 komodo dragons
  A hellwing (Depths:2)
  A wind drake (Lair:4)
  A meliai (D:13)
  3 hornets
  3 tyrant leeches (Lair:6)
  2 queen bees
  2 trolls
  A polar bear (Lair:6)
  22 blink frogs
  A tarantella (shapeshifter) (Depths:1)
  A spectral meliai (D:11)
  A wolf spider simulacrum (D:15)
  A spriggan (Lair:1)
  3 shadows
  A wraith (D:13)
  4 wyverns
  35 yaks
  16 humans
  5 basilisks
  3 large abominations (Depths:1)
  7 steam dragons
  13 vampire mosquitoes
  3 chaos spawn
  Menkaure (D:6)
  4 nagas (Lair:2)
  8 small abominations (Depths:1)
  2 wargs (Orc:2)
  2 two-headed ogre zombies (D:10)
  An acid dragon (D:13)
  A human skeleton (Depths:2)
  A floating eye (Depths:1)
  15 water moccasins
  22 orc warriors
  4 black bears
  5 sky beasts (D:7)
  6 wolves (Lair:3)
  4 centaurs
  12 ogres
  5 phantoms
  Blork the orc (D:5)
  5 kobold brigands
  15 bullfrogs
  A gnoll sergeant (D:11)
  A necrophage (D:5)
  2 earth elementals (Volcano)
  4 scorpions
  42 killer bees
  An electric eel (Lair:6)
  2 howler monkeys
  2 jellies
  4 hounds
  3 gnoll shamans
  33 orc priests
  4 iguanas
  Natasha (twice) (D:2)
  8 hell rats
  24 orc wizards
  6 ogre zombies (D:10)
  24 gnolls
  8 adders
  2 river rats (D:9)
  A shadow imp (D:8)
  2 white imps
  A worm (D:2)
  A dart slug (D:1)
  65 orcs
  4 ball pythons
  6 bats
  9 endoplasms
  5 giant cockroaches
  7 goblins
  2 hobgoblins (D:4)
  3 jackals (D:2)
  3 quokkas
  3 frilled lizards
  A goblin skeleton (D:10)
  4 goblin zombies (D:10)
  2 hobgoblin zombies (D:10)
  11 kobolds
  3 orc skeletons (D:10)
  15 orc zombies (D:10)
  6 rats
790 creatures vanquished.

Vanquished Creatures (collateral kills)
  A fire giant (Depths:1)
  9 hydras
  2 slime creatures (Lair:5)
  2 blink frogs (Lair:6)
  An orc warrior (Orc:2)
  2 jellies (Lair:5)
  2 orcs
  A kobold (D:10)
20 creatures vanquished.

Vanquished Creatures (others)
  A wizard (D:13)
  An elephant (Lair:6)
  A rime drake (Lair:4)
  35 fungi
  104 plants
142 creatures vanquished.

Grand Total: 952 creatures vanquished

Notes
Turn   | Place    | Note
-------+----------+-------------------------------------------
     0 | D:1      | Pelinal the Merfolk Ice Elementalist began the quest for
                  | the Orb.
     0 | D:1      | Reached XP level 1. HP: 13/13 MP: 3/3
   181 | D:1      | Reached XP level 2. HP: 16/19 MP: 5/5
   635 | D:1      | Reached XP level 3. HP: 22/24 MP: 4/6
   889 | D:2      | Noticed a phantom
   936 | D:2      | Found a shimmering blue altar of Sif Muna.
   996 | D:2      | Found Xystrer's Antique Weapon Emporium.
  1187 | D:2      | Noticed Natasha
  1193 | D:2      | Killed Natasha
  1194 | D:2      | Reached XP level 4. HP: 12/30 MP: 3/7
  1419 | D:2      | Found a faded altar of an unknown god.
  1483 | D:2      | Reached skill level 5 in Ice Magic
  1672 | D:2      | Killed a phantom
  1673 | D:2      | Reached XP level 5. HP: 19/35 MP: 7/9
  1822 | D:2      | Learned a level 3 spell: Frozen Ramparts
  1826 | D:2      | Learned a level 3 spell: Ozocubu's Armour
  1988 | D:2      | Noticed Natasha
  1996 | D:2      | Killed Natasha
  2248 | D:3      | Noticed a water moccasin
  2261 | D:3      | Killed a water moccasin
  2262 | D:3      | Reached XP level 6. HP: 34/41 MP: 6/11
  2448 | D:3      | Found an ornate altar of the Wu Jian Council.
  2935 | D:4      | Noticed a black bear
  2967 | D:4      | Killed a black bear
  2968 | D:4      | Reached XP level 7. HP: 38/46 MP: 2/12
  3269 | D:4      | Found a runed translucent door.
  3274 | D:4      | Identified the ring "Boetoo" {Contam rPois rN+ Str+6 Int+2}
  3274 | D:4      | Noticed timneilson's ghost (amateur GrFi)
  3644 | D:5      | Entered Level 5 of the Dungeon
  3661 | D:5      | Reached skill level 1 in Polearms
  3669 | D:5      | Reached skill level 3 in Polearms
  3681 | D:5      | Reached skill level 4 in Polearms
  3887 | D:5      | Reached XP level 8. HP: 43/52 MP: 11/14
  3952 | D:5      | Reached skill level 5 in Polearms
  3953 | D:5      | Reached skill level 6 in Polearms
  3957 | D:5      | Reached skill level 7 in Polearms
  4139 | D:5      | Found a hazy altar of Hepliaklqana.
  4251 | D:5      | Noticed Blork the orc
  4298 | D:5      | Reached skill level 8 in Polearms
  4644 | D:5      | Killed Blork the orc
  4797 | D:5      | Reached skill level 9 in Polearms
  4906 | D:5      | Found Yvoickeu's Armour Shop.
  5530 | D:5      | Bought the +0 pair of gloves of Gravitas {Will+ Regen+} for
                  | 239 gold pieces
  5682 | D:6      | Reached XP level 9. HP: 57/57 MP: 11/15
  5684 | D:6      | Reached skill level 10 in Polearms
  5765 | D:6      | Noticed Menkaure
  5786 | D:6      | Found a staircase to the Ecumenical Temple.
  5810 | Temple   | Entered the Ecumenical Temple
  5912 | Temple   | Became a worshipper of Ashenzari the Shackled
  6124 | D:6      | Reached skill level 11 in Polearms
  6146 | D:6      | Reached skill level 12 in Polearms
  6153 | D:6      | Killed Menkaure
  6517 | D:6      | Found a shimmering blue altar of Sif Muna.
  6665 | D:7      | Reached skill level 13 in Polearms
  6749 | D:7      | Identified the +9 short sword of Zumnauc {vorpal, Int+3}
  7068 | D:7      | Reached skill level 5 in Dodging
  7068 | D:7      | Reached XP level 10. HP: 63/63 MP: 12/16
  7158 | D:7      | Noticed Pikel
  7176 | D:7      | Killed Pikel
  7492 | D:8      | Paralysed by a hornet for 1 turns
  7653 | D:8      | Learned a level 4 spell: Summon Ice Beast
  7782 | D:8      | Reached * piety under Ashenzari
  7896 | D:8      | Reached skill level 1 in Summonings
  8546 | D:8      | Reached ** piety under Ashenzari
  8868 | D:9      | Noticed a death yak
  8892 | D:9      | Found a radiant altar of Vehumet.
  8941 | D:9      | Found a staircase to the Lair.
  9006 | D:9      | Noticed a death yak
  9056 | D:9      | Noticed a death yak
  9078 | D:9      | Killed a death yak
  9092 | D:9      | Killed a death yak
  9093 | D:9      | Reached skill level 5 in Summonings
  9093 | D:9      | Reached XP level 11. HP: 51/68 MP: 9/18
  9099 | D:9      | Killed a death yak
  9249 | Lair:1   | Entered Level 1 of the Lair of Beasts
  9309 | Lair:1   | Found a dark tunnel.
  9314 | Volcano  | Entered a volcano
  9383 | Volcano  | Reached skill level 14 in Polearms
  9406 | Volcano  | Reached *** piety under Ashenzari
  9463 | Volcano  | Noticed a stone giant
  9473 | Volcano  | Killed a stone giant
  9474 | Volcano  | Reached skill level 10 in Dodging
  9679 | D:9      | Noticed a boulder beetle
  9716 | D:9      | Killed a boulder beetle
  9820 | D:9      | Noticed a two-headed ogre
  9838 | D:9      | Killed a two-headed ogre
  9839 | D:9      | Reached skill level 15 in Polearms
  9857 | D:9      | Noticed a red ugly thing
  9880 | D:9      | Killed a red ugly thing
 10074 | D:10     | Entered Level 10 of the Dungeon
 10085 | D:10     | Noticed Fannar
 10123 | D:10     | Reached **** piety under Ashenzari
 10207 | D:10     | Found a staircase to the Orcish Mines.
 10405 | D:10     | Reached XP level 12. HP: 74/74 MP: 20/20
 10425 | D:10     | Noticed Urug
 10479 | D:10     | Reached skill level 16 in Polearms
 10695 | D:10     | Found a bloodstained altar of Trog.
 10793 | D:10     | Noticed Erica
 10798 | D:10     | Killed Erica
 11344 | Lair:1   | Noticed a death yak
 11354 | Lair:1   | Killed a death yak
 11410 | Lair:1   | Noticed a seven-headed hydra
 11424 | Lair:1   | Killed a seven-headed hydra
 11582 | Lair:1   | Noticed an eight-headed hydra
 11594 | Lair:1   | Reached skill level 17 in Polearms
 11596 | Lair:1   | Killed an eight-headed hydra
 12258 | Lair:2   | Reached skill level 1 in Fighting
 12361 | Lair:2   | Reached skill level 1 in Armour
 12395 | Lair:2   | Found a staircase to the Snake Pit.
 13461 | Lair:3   | Noticed a catoblepas
 13511 | Lair:3   | Killed a catoblepas
 13707 | Lair:3   | Reached XP level 13. HP: 95/95 MP: 14/21
 13717 | Lair:3   | Reached skill level 5 in Fighting
 14326 | Lair:4   | Noticed a fire dragon
 14341 | Lair:4   | Killed a fire dragon
 14964 | Lair:4   | Found a staircase to the Shoals.
 15568 | Lair:5   | Reached skill level 1 in Evocations
 16100 | Lair:5   | Reached skill level 5 in Evocations
 16215 | Lair:5   | Found a staircase to the Slime Pits.
 16526 | Lair:6   | Entered Level 6 of the Lair of Beasts
 16594 | Lair:6   | Reached XP level 14. HP: 108/108 MP: 13/22
 16759 | Lair:6   | Reached skill level 5 in Armour
 16772 | Lair:6   | Reached skill level 15 in Dodging
 17149 | Lair:6   | Identified the Grimoire of Venom and Beguiling
 17774 | Lair:6   | Identified the +7 chain mail "Ufel" {Will++ Dex-3}
 18298 | Orc:1    | Entered Level 1 of the Orcish Mines
 18306 | Orc:1    | Reached XP level 15. HP: 117/117 MP: 23/23
 18456 | Orc:1    | Found a runed translucent gate.
 18479 | Orc:1    | Found a runed translucent gate.
 18480 | Orc:1    | Found a runed translucent gate.
 18481 | Orc:1    | Identified the +2 bardiche "Zeyrph" {pain, rPois Str+6
                  | Dex-4}
 18482 | Orc:1    | Found an iron altar of Okawaru.
 18482 | Orc:1    | Noticed Humecuf's ghost (journeyman DrCK)
 18728 | Orc:1    | Reached skill level 10 in Evocations
 18976 | Orc:2    | Entered Level 2 of the Orcish Mines
 19090 | Orc:2    | Found a staircase to the Elven Halls.
 19337 | Orc:2    | Reached skill level 18 in Polearms
 19479 | Orc:2    | Found Hefete's Magic Scroll Shop.
 19479 | Orc:2    | Found Kusil's Assorted Antiques.
 19479 | Orc:2    | Found Tirheli's Armour Boutique.
 19485 | Orc:2    | Found Fayd's Book Boutique.
 19487 | Orc:2    | Bought a scroll of amnesia for 42 gold pieces
 19487 | Orc:2    | Bought a scroll of amnesia for 42 gold pieces
 19487 | Orc:2    | Bought a scroll of enchant weapon for 90 gold pieces
 19514 | Orc:2    | Bought a wand of flame (7) for 29 gold pieces
 19520 | Orc:2    | Bought the Unrestrained Analects for 440 gold pieces
 19520 | Orc:2    | Bought a Trismegistus Codex for 280 gold pieces
 20451 | D:11     | Reached skill level 19 in Polearms
 21022 | D:12     | Identified the +7 flail of Defence by Offence {flame,
                  | Str+4}
 21626 | D:12     | Reached skill level 20 in Polearms
 21801 | D:13     | Found a gate to the Vaults.
 22041 | D:13     | Found a transporter.
 22043 | D:13     | Noticed Yteof's ghost (journeyman DECj)
 22045 | D:13     | Found a transporter.
 22137 | D:13     | Killed Yteof's ghost
 22148 | D:13     | Reached skill level 21 in Polearms
 22416 | D:13     | Noticed Sonja
 22423 | D:13     | Killed Sonja
 22681 | D:13     | Reached XP level 16. HP: 124/124 MP: 22/24
 22816 | D:13     | Found the +3 warlock's mirror {reflect}
 22971 | D:13     | Reached skill level 22 in Polearms
 23502 | D:14     | Found a hazy altar of Hepliaklqana.
 23672 | D:14     | Identified the +5 flail of Checkmate {vorpal, Str+2 Int+6}
 23756 | D:14     | Found a stormy altar of Qazlal.
 23904 | D:15     | Entered Level 15 of the Dungeon
 23929 | D:15     | Found a staircase to the Depths.
 23964 | D:15     | Reached skill level 23 in Polearms
 24357 | D:15     | Found an opulent altar of Gozag.
 24504 | Depths:1 | Entered Level 1 of the Depths
 24718 | Depths:1 | Reached skill level 10 in Ice Magic
 24819 | Depths:1 | Found a gateway to Hell.
 24829 | Depths:1 | Reached skill level 5 in Spellcasting
 25086 | Depths:1 | Found a one-way gate to the infinite horrors of the Abyss.
 25104 | Depths:1 | Reached skill level 1 in Conjurations
 25104 | Depths:1 | Reached skill level 1 in Air Magic
 25162 | Depths:1 | Found an ancient bone altar of Kikubaaqudgha.
 25211 | Depths:1 | Reached XP level 17. HP: 128/128 MP: 27/27
 25249 | Depths:1 | Paralysed by a vampire knight for 2 turns
 25447 | Depths:1 | Found an iron altar of Okawaru.
 25481 | Depths:1 | Paralysed by a floating eye for 3 turns
 25800 | Depths:2 | Found a one-way gate leading to the halls of Pandemonium.
 25940 | Depths:2 | Found Ehib's Armour Boutique.
 26048 | Depths:2 | HP: 1/128 [spark wasp (16)]
 26048 | Depths:2 | Demolished by a spark wasp

Illustrated notes

Levels and vault maps discovered:
D:1:      dpeg_arrival_rhombus, layout_rooms, nrook_campfire
D:2:      layout_basic, hellmonk_ecumenical_altar_dog_temple, serial_shops,
          nicolae_shop_overgrown_old_shop, basic_altar, uniq_natasha
D:3:      layout_loops_cross, nzn_wu_jian_contemplation
D:4:      minmay_evil_eye, layout_rooms, ebering_ghost_sewer_d
D:5:      layout_cave_pods, amcnicky_altar_gilded, serial_shops, shop_fountains,
          uniq_blork_the_orc
D:6:      layout_basic, general_overflow_altar, minmay_temple_entry_glass,
          uniq_menkaure
D:7:      minmay_s_stair_smasher, layout_rooms,
          nicolae_yredelemnul_corpse_copse, uniq_pikel
D:8:      layout_layer_cave, kennysheep_nondescript
D:9:      layout_rooms, kennysheep_mini, dpeg_lair_monsters,
          chequers_serial_rivers_micro_e
D:10:     layout_roguey, trog_butcher_becter, zombieorc2_lemuel, uniq_fannar,
          uniq_urug, uniq_erica
D:11:     layout_roguey, hangedman_weighted_door
D:12:     layout_stronghold, ebering_dispersal_statue_hall
D:13:     minmay_smoke_and_mirrors, layout_cave_pods, david_vaults_3,
          gammafunk_ghost_hive, uniq_sonja
D:14:     layout_irregular_city, nzn_hepliaklqana_mist_gate,
          grunt_qazlal_sundering
D:15:     hangedman_depths_entry_civil_slaughter, layout_rooms,
          chequers_serial_rivers_room_a, nicolae_gozag_seed_capital
Temple:   nicolae_temple_elliptical
Lair:1:   layout_loops_ring, nicolae_volcano_entry_two_sided,
          grunt_forest_large_clearing_hut
Lair:2:   layout_layer_cave, minmay_snake_entry_guardpost_small, special_room
          [special_room_bee], patterned_corridor
Lair:3:   layout_cave_pods
Lair:4:   layout_cave_pods, minmay_shoals_entry_beasts,
          bobbens_dragon_lair_wall, serial_bayou_shore_b
Lair:5:   layout_regular_city, minmay_slime_entry_pillars, grunt_megastairs_4,
          infiniplex_staircase_pool
Lair:6:   minmay_lair_end_frog_pond, layout_loops_ring
Orc:1:    layout_diamond_mine, gammafunk_ghost_fury_of_okawaru
Orc:2:    st_orc_mages, layout_caves, mines2_david
Depths:1: layout_cave_shapes, hell_entry, nicolae_kikubaaqudgha_miasma_corner,
          minmay_room_of_horrors, okawaru_gym_becter
Depths:2: hangedman_elemental_death_ray, layout_cave_pools,
          serial_sigils_hangedman_confine, serial_shops, shop_coins,
          rand_demon_pan_entry_4, hangedman_coc_ice_floe, uniq_sojobo

Skill      XL: |  1  2  3  4  5  6  7  8  9 10 11 12 13 14 15 16 17 |
---------------+----------------------------------------------------+-----
Dodging        | 3 5 9 11 13 14 16 | 16.5
Stealth        | 3 4 |  4.0
Ice Magic      | 5 6 7 8 9 11 12 | 12.0
Spellcasting   | 3 4 5 |  5.7
Polearms       | 4 9 13 15 17 21 23 | 23.7
Summonings     | 5 7 |  7.5
Fighting       | 4 7 8 |  8.6
Armour         | 3 4 5 |  5.9
Evocations     | 6 9 10 | 10.0
Conjurations   | 1 2 |  2.8
Air Magic      | 1 2 |  2.8

Action                   |  1- 3 |  4- 6 |  7- 9 | 10-12 | 13-15 | 16-18 || total
-------------------------+-------+-------+-------+-------+-------+-------++-------
Melee: Short sword       |    43 |       |       |       |       |       ||    43
       Rapier            |     6 |    61 |    53 |       |       |       ||   120
       Punch             |       |     1 |       |       |       |       ||     1
       Trident           |       |       |   190 |   124 |       |       ||   314
       Glaive            |       |       |       |   471 |  1139 |   235 ||  1845
       Tailslap          |       |       |       |       |    20 |     1 ||    21
       Bardiche          |       |       |       |       |       |   334 ||   334
Throw: Stone             |       |     1 |     2 |       |       |       ||     3
 Cast: Freeze            |    23 |     8 |     8 |     5 |     3 |     3 ||    50
       Frozen Ramparts   |       |     3 |    27 |    43 |    63 |    23 ||   159
       Ozocubu's Armour  |       |     1 |    14 |    29 |    42 |    12 ||    98
       Summon Ice Beast  |       |       |       |     9 |    25 |    10 ||    44
Invok: Curse Item        |       |       |     1 |     4 |     1 |       ||     6
       Shatter the Chain |       |       |       |       |       |     1 ||     1
Evoke: Wand              |       |       |       |     9 |    17 |     5 ||    31
       Lightning rod     |       |       |       |       |     6 |     2 ||     8
       Phantom mirror    |       |       |       |       |     2 |       ||     2
  Use: Potion            |     1 |     3 |       |     1 |     2 |     4 ||    11
       Scroll            |       |       |     3 |     1 |       |    11 ||    15
 Stab: Sleeping          |     3 |     7 |     1 |     8 |    19 |     5 ||    43
       Distracted        |       |       |       |     1 |     6 |     3 ||    10
       Paralysed         |       |       |       |       |     1 |       ||     1
Armor: Robe              |    15 |       |    27 |    37 |       |       ||    79
       Leather armour    |     1 |    12 |    24 |       |       |       ||    37
       Ring mail         |       |       |       |    51 |   106 |       ||   157
       Troll leather arm |       |       |       |       |    44 |    56 ||   100
       Steam dragon scal |       |       |       |       |    33 |       ||    33
Dodge: Dodged            |    45 |    44 |   177 |   371 |   941 |   370 ||  1948

Table legend: (Time is in decaauts)
 A = Elapsed time spent in this place.
 B = Non-inter-level travel time spent in this place.
 C = Inter-level travel time spent in this place.
 D = Time resting spent in this place.
 E = Time spent auto-exploring this place.
 F = Levels seen in this place.
 G = Mean time per level.
                   A        B        C        D        E       F      G
               +--------+--------+--------+--------+--------+-----+--------+
         Total |  25274 |  24177 |   1097 |   2145 |  13479 |  27 |  936.1 |
       Dungeon |  15018 |  14314 |    704 |   1805 |   7509 |  15 | 1001.2 |
        Temple |    202 |    188 |     14 |      0 |     90 |   1 |  202.0 |
          Lair |   6908 |   6590 |    318 |    139 |   4318 |   6 | 1151.3 |
  Orcish Mines |   1494 |   1447 |     47 |     69 |    830 |   2 |  747.0 |
        Depths |   1452 |   1438 |     14 |    132 |    732 |   2 |  726.0 |
       Volcano |    197 |    197 |      0 |      0 |      0 |   1 |  197.0 |
               +--------+--------+--------+--------+--------+-----+--------+

Top non-repeatable levels by time:
     D:5: 1960 daAuts
     D:8: 1402 daAuts
  Lair:6: 1378 daAuts
  Lair:4: 1310 daAuts
     D:2: 1275 daAuts
  Lair:2: 1223 daAuts
    D:13: 1206 daAuts
Depths:1: 1150 daAuts
    D:10: 1141 daAuts
  Lair:1: 1106 daAuts
    D:12: 1002 daAuts
  Lair:5: 986 daAuts
     D:3: 977 daAuts
     D:9: 954 daAuts
  Lair:3: 903 daAuts
